 Dungeon Crawl Stone Soup version 0.22-a0-567-gff9aefc (webtiles) character file.

265 iamserjio the Shield-Bearer (level 6, -2/57 HPs)
             Began as a Gargoyle Fighter on June 29, 2018.
             Slain by a centaur (3 damage)
             ... on level 5 of the Dungeon.
             The game lasted 00:06:09 (777 turns).

iamserjio the Shield-Bearer (Gargoyle Fighter)       Turns: 777, Time: 00:06:10

Health: -2/57      AC: 23    Str: 21      XL:     6   Next: 20%
Magic:  6/6        EV:  2    Int:  9      God:
Gold:   94         SH:  9    Dex:  8 (9)  Spells: 5/5 levels left

rFire    . . .     SeeInvis .   a - +0 war axe
rCold    . . .     Gourm    .   c - +0 shield
rNeg     + + +     Faith    .   (armour currently unavailable)
rPois    ∞         Spirit   .   (helmet currently unavailable)
rElec    .         Reflect  .   (cloak currently unavailable)
rCorr    .         Harm     .   (gloves currently unavailable)
MR       .....     NoTele   +   (boots currently unavailable)
Stlth    +.........             (no amulet)
HPRegen  0.19/turn              (no ring)
MPRegen  0.10/turn              (no ring)

@: tree-form
A: negative energy resistance 1, petrification resistance, rot immunity, AC +4
a: no special abilities


You were on level 5 of the Dungeon.
You were not hungry.
You were a tree.
You visited 1 branch of the dungeon, and saw 5 of its levels.

You collected 94 gold pieces.

Inventory:

Hand Weapons
 a - a +0 war axe (weapon)
 p - a +4 flail
Missiles
 d - 8 needles of paralysis {!f}
Armour
 b - a +0 scale mail (melded)
 c - a +0 shield (worn)
 n - a cursed +0 scale mail
Scrolls
 g - a scroll of enchant weapon {unknown}
 h - 3 scrolls of blinking {unknown}
 i - a scroll of identify {@r1}
 k - 3 scrolls of remove curse {unknown}
 m - a scroll of fog
 o - a scroll of amnesia {unknown}
Potions
 e - a potion of flight
 j - 2 potions of degeneration
Comestibles
 f - 4 rations


   Skills:
 + Level 4.2 Fighting
 * Level 3.5 Axes
 + Level 4.2 Armour
 * Level 5.0 Shields


You had 5 spell levels left.
You didn't know any spells.
Your spell library was empty.

Dungeon Overview and Level Annotations

Branches:
Dungeon (5/15)             Temple (0/1) D:4

Altars:
Ru
Sif Muna
Wu Jian

Annotations:
D:5 Edmund


Innate Abilities, Weirdness & Mutations

You are resistant to torment.
((Your stone body is resilient. (AC +4)))
You are immune to poison.
You resist negative energy. (rN+)
((You are resistant to electric shocks. (rElec)))
((You can survive without breathing.))
You are immune to petrification.
You are immune to rotting.


Message History

You block the centaur's attack. The centaur barely misses you.
You hit the centaur but do no damage.
The centaur is heavily wounded.
The centaur hits you but does no damage.
The centaur barely misses you.
You hit the centaur but do no damage.
The centaur is heavily wounded.
The centaur hits you but does no damage. x2
The hound barks!
You slash the centaur!
The centaur is severely wounded.
The centaur hits you.
* * * LOW HITPOINT WARNING * * *
The centaur barely misses you.
It was a potion of lignification.
You turn into a tree.
Your +0 scale mail melds into your body.
Your roots penetrate the ground.
The centaur hits you but does no damage.
You block the hound's attack. The centaur hits you.
You die...

#.## #...........<
...###...######...
#..##...######.##
#..(..†.......#
#########......########
#................#
#.......>.####.#.###
#......(.## #.#...###
####...♣.# #.###...###
##.hc..# #.# ###...#
#..%..# #.# ###..
#.....# #.# ##. ......#
#.# # .##....# ..
.....# .# #....#


You could see a centaur and a hound.

Vanquished Creatures
  A phantom (D:4)
  An orc wizard (D:4)
  2 worker ants
  4 adders
  A worm (D:3)
  A dart slug (D:1)
  13 orcs
  A giant cockroach (D:3)
  3 goblins
  4 hobgoblins
  7 jackals (D:3)
  4 bats
  3 frilled lizards
  5 rats
50 creatures vanquished.

Notes
Turn   | Place    | Note
-------+----------+-------------------------------------------
     0 | D:1      | iamserjio the Gargoyle Fighter began the quest for the Orb.
     0 | D:1      | Reached XP level 1. HP: 14/14 MP: 1/1
    90 | D:2      | Found a sacrificial altar of Ru.
   121 | D:1      | Reached XP level 2. HP: 16/19 MP: 2/2
   218 | D:2      | Reached XP level 3. HP: 15/23 MP: 3/3
   317 | D:3      | Reached skill level 4 in Shields
   317 | D:3      | Reached XP level 4. HP: 11/29 MP: 4/4
   323 | D:2      | Found an ornate altar of the Wu Jian Council.
   503 | D:4      | Found a deep blue altar of Sif Muna.
   537 | D:4      | Reached XP level 5. HP: 33/33 MP: 5/5
   644 | D:4      | Noticed a phantom
   709 | D:4      | Killed a phantom
   709 | D:4      | Reached skill level 5 in Shields
   709 | D:4      | Reached XP level 6. HP: 6/38 MP: 6/6
   713 | D:5      | Entered Level 5 of the Dungeon
   713 | D:5      | Noticed Edmund
   776 | D:5      | HP: 1/38 [centaur (3)]
   777 | D:5      | Slain by a centaur

Vault maps used:
D:1:      saegor_arrival_simple_e
D:2:      nicolae_overflow_hidden_temple, okawaru_trees_1,
          nicolae_overflow_crystal_walls
D:3:      lemuel_crystal_altar
D:4:      tgw_sif, marbit_many_paths, minmay_temple_entry_from_below_a
D:5:      first_ration, uniq_crazy_yiuf_cottage, uniq_edmund

Skill      XL: |  1  2  3  4  5 |
---------------+----------------+-----
Axes           | 2 3 |  3.5
Shields        | 4 5 |  5.0
Armour         | 4 |  4.2
Fighting       | 4 |  4.2

Action                   |  1- 3 |  4- 6 || total
-------------------------+-------+-------++-------
Melee: War axe           |    82 |   123 ||   205
  Use: Scroll            |       |     4 ||     4
       Potion            |       |     4 ||     4
Armor: Scale mail        |    60 |    79 ||   139
       Skin              |       |     1 ||     1
Dodge: Dodged            |    35 |    52 ||    87
Block: Shield            |    55 |    63 ||   118

Table legend:
 A = Spawn XP
 B = Non-spawn XP
 C = Spawn XP percentage of total XP
 D = Spawn monster count
 E = Non-spawn monster count
 F = Spawn count percentage of total count
 G = Total turns spent on level
                    A         B        C        D         E        F      G
               +---------+---------+-------+---------+---------+-------+---------
         Total |       0 |     379 |   0.0 |       0 |      50 |   0.0 |   777
               +---------+---------+-------+---------+---------+-------+---------
           D:1 |       0 |      16 |   0.0 |       0 |       9 |   0.0 |    92
           D:2 |       0 |      19 |   0.0 |       0 |       5 |   0.0 |   138
           D:3 |       0 |      95 |   0.0 |       0 |      26 |   0.0 |   261
           D:4 |       0 |     217 |   0.0 |       0 |       9 |   0.0 |   236
           D:5 |       0 |      32 |   0.0 |       0 |       1 |   0.0 |    50
               +---------+---------+-------+---------+---------+-------+---------
